 Dungeon Crawl Stone Soup version 0.18-a0-1774-gce1f7b6 (webtiles) character file.

153 SilenceOfTheYaks the Poker (level 5, 0/38 HPs)
             Began as a Demonspawn Skald on Apr 15, 2016.
             Was a Follower of Yredelemnul.
             Killed from afar by a white imp (4 damage)
             ... with a puff of frost
             ... summoned by Eustachio
             ... on level 4 of the Dungeon.
             The game lasted 00:07:57 (3386 turns).

SilenceOfTheYaks the Poker (Demonspawn Skald)       Turns: 3386, Time: 00:07:58

Health: 0/38       AC: 11    Str: 14      XL:     5   Next: 12%
Magic:  8/8        EV: 10    Int: 13      God:    Yredelemnul [*.....]
Gold:   226        SH:  0    Dex: 15 (17) Spells: 1 memorised, 7 levels left

rFire  . . .     SeeInvis .     a - +1 spear
rCold  . . .     Gourm    .     o - +1 plate armour
rNeg   . . .     Faith    .     (no shield)
rPois  .         Spirit   .     (no helmet)
rElec  .         Dismiss  .     (no cloak)
rCorr  .         Reflect  .     (no gloves)
SustAt .         Harm     .     (no boots)
MR     .....                    (no amulet)
Stlth  ..........               (no ring)
                                (no ring)

@: agile, flying, very slightly contaminated, very heavily drained, not
resistant to hostile enchantments, extremely unstealthy
A: repulsion field 1
a: Animate Remains, Renounce Religion


You were on level 4 of the Dungeon.
You worshipped Yredelemnul.
Yredelemnul was aware of your devotion.
You were hungry.

You visited 1 branch of the dungeon, and saw 4 of its levels.

You collected 226 gold pieces.

Inventory:

Hand Weapons
 a - a +1 spear (weapon)
Armour
 b - a +0 leather armour
 o - a +1 plate armour (worn)
Scrolls
 f - 2 scrolls of fog
 g - 2 scrolls of identify
 h - 2 scrolls of remove curse
Potions
 e - 3 potions of curing
Books
 c - a book of Battle

   Spells                             Type                      Level
   a - Infusion                       Charms                       1
   b - Shroud of Golubria             Charms/Translocation         2
   c - Song of Slaying                Charms                       2
   d - Spectral Weapon                Hexes/Charms                 3
   e - Regeneration                   Charms/Necromancy            3
Comestibles
 d - a bread ration
 q - 2 chunks of flesh


   Skills:
 - Level 2.0(0.0) Fighting
 + Level 4.9(1.6) Polearms
 - Level 0.8(0.0) Armour
 - Level 0.8(0.0) Dodging
 - Level 2.0(0.0) Spellcasting
 - Level 2.6(0.0) Charms


You had 7 spell levels left.
You knew the following spells:

 Your Spells              Type           Power        Failure   Level  Hunger
a - Infusion              Chrm           #...         100%        1    ##.....


Dungeon Overview and Level Annotations

Branches:
Dungeon (4/15)
 Temple: D:4-7

Altars:
Ashenzari
Yredelemnul

Annotations:
D:4 Eustachio


Innate Abilities, Weirdness & Mutations

You are surrounded by a mild repulsion field (EV +2).


Message History

* * * LOW HITPOINT WARNING * * *
The white imp hits you but does no damage.
The quokka barely misses you. The ufetubus misses you.
The ufetubus hits you but does no damage.
Eustachio casts a spell.
Your plate armour prevents you from hitting the quokka.
The bat disappears in a puff of smoke!
The quokka bites you.
* * * LOW HITPOINT WARNING * * *
The white imp hits you but does no damage.
The ufetubus closely misses you. The ufetubus hits you.
* * * LOW HITPOINT WARNING * * *
The quokka barely misses you.
You hit the quokka.
The quokka is severely wounded.
The ufetubus closely misses you.
The ufetubus hits you but does no damage.
The white imp gestures at you. The puff of frost hits you!
You die...
Your body rises from the dead as a mindless zombie.

....... ....... .......
..r.... ....... # #######
....... ##≈
#rr@55####....... ..≈
#.###5@r..# ..≈# ##.#
#####........
..≈≈######..###.. .........
................####.......
##..<##.....##### .......
##.####.....# .......
.......###### #......
.......# #..... .......#


You could see Eustachio, 2 river rats, a white imp, 2 ufetubi and a quokka.

Vanquished Creatures
  A hound (D:3)
  6 adders
  5 worms
  A dart slug (D:2)
  5 giant geckos
  An orc (D:3)
  2 ball pythons
  3 giant cockroaches
  6 goblins
  5 hobgoblins
  2 quokkas
  5 bats
  A giant newt (D:3)
  2 kobolds (D:2)
  7 rats
52 creatures vanquished.

Notes
Turn   | Place    | Note
--------------------------------------------------------------
     0 | D:1      | SilenceOfTheYaks the Demonspawn Skald began the quest for the Orb.
     0 | D:1      | Reached XP level 1. HP: 16/16 MP: 3/3
   100 | D:1      | Reached skill level 2 in Polearms
   246 | D:1      | Gained mutation: You are surrounded by a mild repulsion field (EV +2). [demonic ancestry]
   246 | D:1      | Reached XP level 2. HP: 21/22 MP: 5/5
   745 | D:2      | Reached skill level 3 in Polearms
  1120 | D:2      | Reached XP level 3. HP: 16/27 MP: 6/6
  1811 | D:2      | Reached XP level 4. HP: 27/33 MP: 7/7
  1885 | D:2      | Found a faded altar to an unknown god.
  1932 | D:2      | Reached skill level 4 in Polearms
  1995 | D:2      | Became a worshipper of Yredelemnul the Dark
  1995 | D:2      | Reached * piety under Yredelemnul
  2810 | D:3      | Reached XP level 5. HP: 35/38 MP: 8/8
  3081 | D:3      | Found a shattered altar of Ashenzari.
  3312 | D:4      | Noticed Eustachio
  3386 | D:4      | Killed from afar by a white imp

Vault maps used:
D:1:      dpeg_arrival_court
D:2:      ecumenical_altar_1
D:3:      cheibrodos_ashenzari_chains
D:4:      xom_butterflies, lightli_temple_of_fire, minmay_fountain_box,
          minmay_rat_hole, uniq_eustachio

Skill      XL: |  1  2  3  4 |
---------------+-------------+-----
Polearms       | 2 3 4 |  4.9
Fighting       | |  2.0
Armour         | |  0.8
Dodging        | |  0.8
Spellcasting   | |  2.0
Charms         | |  2.6

Action                   |  1- 3 |  4- 6 || total
-------------------------+-------+-------++-------
Melee: Spear             |   165 |   226 ||   391
 Cast: Infusion          |     7 |     3 ||    10
  Use: Potion            |       |     5 ||     5
       Scroll            |       |     6 ||     6
  Eat: Chunk             |     3 |     5 ||     8
Armor: Leather armour    |    22 |     7 ||    29
       Plate armour      |       |   153 ||   153
Dodge: Dodged            |    85 |   135 ||   220
